 Dungeon Crawl Stone Soup version 0.25.0-11-g1f837a76a1 (webtiles) character file.

Game seed: 8506318795182833034

166 xccam the Cutter (level 5, -9/30 HPs)
             Began as a Tengu Assassin on June 26, 2020.
             Was a Follower of Vehumet.
             Mangled by a centaur (10 damage)
             ... on level 3 of the Dungeon.
             The game lasted 00:05:43 (3010 turns).

xccam the Cutter (Tengu Assassin)                   Turns: 3010, Time: 00:05:44

Health: -9/30      AC:  3    Str: 17    XL:     5   Next: 47%
Magic:  3/6        EV: 12    Int: 12    God:    Vehumet [*.....]
Gold:   123        SH:  0    Dex: 16    Spells: 3/4 levels left

rFire    . . .     SeeInvis .   a - +2 dagger
rCold    . . .     Gourm    .   (no shield)
rNeg     . . .     Faith    .   b - +0 robe
rPois    .         Spirit   .   (helmet restricted)
rElec    .         Reflect  .   c - +0 cloak
rCorr    .         Harm     .   (no gloves)
MR       .....                  (boots unavailable)
Stlth    +++.......             (no amulet)
HPRegen  0.10/turn              m - +6 ring of strength
MPRegen  0.10/turn              n - ring of wizardry

@: mighty, stab, very slightly contaminated
A: beak, talons 3, able to fly
a: Fly, Renounce Religion


You were on level 3 of the Dungeon.
You worshipped Vehumet.
Vehumet was aware of your devotion.
You were not hungry.

You visited 1 branch of the dungeon, and saw 3 of its levels.

You collected 123 gold pieces.

Inventory:

Hand Weapons
 a - a +2 dagger (weapon)
Missiles
 d - 21 poisoned darts (quivered)
 e - 2 curare-tipped darts
Armour
 b - a +0 robe (worn)
 c - a +0 cloak (worn)
 g - a +0 scale mail
Jewellery
 m - a +6 ring of strength (left hand)
 n - a ring of wizardry (right hand)
Scrolls
 h - a scroll of amnesia {unknown}
 i - 2 scrolls of remove curse {unknown}
 k - a scroll of enchant armour {unknown}
 q - a scroll of fear {unknown}
 r - a scroll of identify {unknown}
Potions
 l - a potion of might
 p - a potion of degeneration {unknown}
Comestibles
 f - 5 rations
 o - 3 chunks of flesh


   Skills:
 - Level 2.0 Fighting
 + Level 5.9 Short Blades
 - Level 2.0 Throwing
 - Level 1.1 Dodging
 - Level 4.0 Stealth
 + Level 0.2 Spellcasting
 + Level 0.6 Air Magic


You had 3 spell levels left.
You knew the following spells:

 Your Spells              Type           Power        Failure   Level  Hunger
a - Shock                 Conj/Air       #...         12%         1    ##.....
Your spell library was empty.

Dungeon Overview and Level Annotations

Branches:
Dungeon (3/15)

Altars:
Ru
Vehumet


Innate Abilities, Weirdness & Mutations

You have a beak for a mouth.
You have claws for feet.
You can fly continuously.


Message History

The zap hits the orc priest.
The orc priest is lightly wounded.
The centaur hits you.
Casting: Shock (safe; 12% risk of failure)
Confirm with . or Enter, or press ? or * to list all spells.
Aiming: Shock (safe; 12% risk of failure)
Press: ? - help, Shift-Dir - straight line, p - orc priest You miscast Shock.
You are very lightly contaminated with residual magic.
Nothing appears to happen.
The centaur hits you. The centaur hits you!
* * * LOW HITPOINT WARNING * * *
Unknown command.
It was a potion of might.
You feel very mighty all of a sudden. The centaur hits you.
* * * LOW HITPOINT WARNING * * *
It was a potion of stabbing.
You feel ready to backstab. The centaur hits you!
You die...

#.#...........#.#
#.#.#..##...#....
#.#.#..##.....#
#......##...#..
#......##...#.#
.[......รท...#.#
#......##..##.# #
##<.[..##..##.######....
##.............@o.S.#
#...###..#..###c#o.#
#...# #..#.## #o. #
#.........## #..#
#..####... .... ..#
#.#.# .... ... ......
... ..... ###


You could see a centaur, an orc priest, an adder and 2 orcs.

Vanquished Creatures
  Jessica (D:2)
  5 adders
  An adder skeleton (D:2)
  4 worms
  2 dart slugs
  A leopard gecko (D:1)
  6 giant cockroaches
  8 goblins
  9 hobgoblins
  4 jackals (D:2)
  9 kobolds
  4 ball pythons
  9 bats
  4 frilled lizards
  8 rats
75 creatures vanquished.

Notes
Turn   | Place    | Note
-------+----------+-------------------------------------------
     0 | D:1      | xccam the Tengu Assassin began the quest for the Orb.
     0 | D:1      | Reached XP level 1. HP: 12/12 MP: 2/2
   138 | D:1      | Reached XP level 2. HP: 17/17 MP: 3/3
   150 | D:1      | Reached skill level 3 in Short Blades
   628 | D:1      | Reached XP level 3. HP: 14/21 MP: 4/4
   750 | D:1      | Reached skill level 4 in Short Blades
  1563 | D:2      | Reached XP level 4. HP: 20/26 MP: 5/5
  1902 | D:2      | Found a radiant altar of Vehumet.
  1920 | D:2      | Became a worshipper of Vehumet
  1986 | D:2      | Found a sacrificial altar of Ru.
  2107 | D:2      | Noticed Jessica
  2111 | D:2      | Killed Jessica
  2111 | D:2      | Reached skill level 5 in Short Blades
  2186 | D:2      | Gained mutation: You can fly continuously. [Tengu growth]
  2186 | D:2      | Reached XP level 5. HP: 29/30 MP: 6/6
  2559 | D:2      | Reached * piety under Vehumet
  2559 | D:2      | Offered knowledge of Shock by Vehumet.
  2575 | D:2      | Learned a level 1 spell: Shock
  3004 | D:3      | Noticed a centaur
  3009 | D:3      | HP: 1/30 [centaur (4)]
  3010 | D:3      | Mangled by a centaur

Illustrated notes

Levels and vault maps discovered:
D:1:      dpeg_arrival_three_smaller_balls, layout_basic
D:2:      cheibrodos_greedy_goblins, layout_loops_corners, lemuel_doored_altar,
          vehumet_crystals, first_ration, minmay_statues_item, minivault_23,
          uniq_jessica
D:3:      layout_loops_ring, lemuel_coloured_pillars_altar

Skill      XL: |  1  2  3  4 |
---------------+-------------+-----
Short Blades   | 3 4 5 |  5.9
Fighting       | |  2.0
Throwing       | |  2.0
Dodging        | |  1.1
Stealth        | |  4.0
Spellcasting   | |  0.2
Air Magic      | |  0.6

Action                   |  1- 3 |  4- 6 || total
-------------------------+-------+-------++-------
Melee: Dagger            |    87 |    83 ||   170
       Kick              |    11 |    19 ||    30
       Peck              |     9 |    15 ||    24
Throw: Dart              |    17 |     4 ||    21
 Cast: Shock             |       |     6 ||     6
  Use: Potion            |       |     2 ||     2
 Stab: Sleeping          |     5 |     7 ||    12
  Eat: Chunk             |     2 |     5 ||     7
Armor: Robe              |    20 |    11 ||    31
Dodge: Dodged            |    65 |    32 ||    97
